 Dungeon Crawl Stone Soup version 0.21-a0-634-gaf8bc5d (webtiles) character file.

21 kibaces the Skirmisher (level 2, -5/26 HPs)
             Began as a Draconian Fighter on Dec 29, 2017.
             Slain by an ogre
             ... wielding a +0 giant club
              (12 damage)
             ... on level 2 of the Dungeon.
             The game lasted 00:01:40 (752 turns).

kibaces the Skirmisher (Draconian Fighter)           Turns: 752, Time: 00:01:40

Health: -5/26      AC:  4    Str: 18    XL:     2   Next: 62%
Magic:  2/2        EV: 10    Int:  8    God:
Gold:   47         SH:  9    Dex: 10    Spells: 1/1 levels left

rFire    . . .     SeeInvis .   a - +0 long sword
rCold    . . .     Gourm    .   b - +0 shield
rNeg     . . .     Faith    .   (armour unavailable)
rPois    .         Spirit   .   (helmet restricted)
rElec    .         Reflect  .   (no cloak)
rCorr    .         Harm     .   (no gloves)
MR       .....                  (no boots)
Stlth    +.........             (no amulet)
HPRegen  0.08/turn              (no ring)
MPRegen  0.08/turn              (no ring)

@: no status effects
A: unfitting armour, cold-blooded, AC +4
a: no special abilities


You were on level 2 of the Dungeon.
You were not hungry.

You visited 1 branch of the dungeon, and saw 2 of its levels.

You collected 47 gold pieces.

Inventory:

Hand Weapons
 a - a +0 long sword (weapon)
Armour
 b - a +0 shield (worn)
Scrolls
 e - a scroll of remove curse {unknown}
 f - a scroll of fog {unknown}
 i - a scroll of identify {unknown}
Potions
 c - a potion of might
 g - a potion of curing {unknown}
 h - a potion of flight {unknown}
 j - a potion of ambrosia {unknown}
Comestibles
 d - a ration


   Skills:
 + Level 3.6 Fighting
 + Level 2.3 Long Blades
 + Level 2.9 Dodging
 + Level 3.2 Shields


You had one spell level left.
You didn't know any spells.

Dungeon Overview and Level Annotations

Branches:
Dungeon (2/15)

Altars:


Innate Abilities, Weirdness & Mutations

Your plain brown scales are hard. (AC +4)
You cannot fit into any form of body armour.
You are cold-blooded and may be slowed by cold attacks.


Message History

The ogre shouts!
The rat twitches its whiskers.
You block the rat's attack.
You closely miss the rat. You block the rat's attack.
Found a chain mail.
A frilled lizard comes into view.
Found a stone staircase leading up.
You slash the rat!
You kill the rat!
The frilled lizard hisses angrily.
You closely miss the ogre. The ogre hits you with a giant club!!
Ouch! That really hurt!
* * * LOW HITPOINT WARNING * * *
You hit the ogre.
The ogre is lightly wounded.
You block the ogre's attack.
You completely miss the ogre. You tail-slap the ogre.
The ogre is moderately wounded.
The ogre hits you with a giant club!
You die...

#.#........ # #.##
#.#.......## #.##... #
#...?.....$###.#.#. #.
#.......#.###... ...
#..........#.#.#### ....
#...O...#.#.##.....
.....####...............
..[...###.############.#
.....l.@O.# #..
......##### ### .....
..<. ... ##


You could see an ogre and a frilled lizard.

Vanquished Creatures
  A dart slug (D:1)
  A leopard gecko (D:1)
  3 bats
  2 hobgoblins
  3 kobolds (D:1)
  A frilled lizard (D:1)
  3 goblins (D:1)
  4 rats
18 creatures vanquished.

Notes
Turn   | Place    | Note
-------+----------+-------------------------------------------
     0 | D:1      | kibaces the Draconian Fighter began the quest for the Orb.
     0 | D:1      | Reached XP level 1. HP: 19/19 MP: 1/1
   376 | D:1      | Reached XP level 2. HP: 24/26 MP: 2/2
   741 | D:2      | Noticed an ogre
   752 | D:2      | Slain by an ogre

Vault maps used:
D:1:      dpeg_arrival_rooms_with_view
D:2:      first_ration, kennysheep_generic_room_8

Action                   || total
-------------------------++-------
Melee: Long sword        ||    52
       Tailslap          ||     6
 Stab: Sleeping          ||     1
Armor: Skin              ||     7
Dodge: Dodged            ||    12
Block: Shield            ||    28
       Rpst.: Long sword ||     5

Table legend:
 A = Spawn XP
 B = Non-spawn XP
 C = Spawn XP percentage of total XP
 D = Spawn monster count
 E = Non-spawn monster count
 F = Spawn count percentage of total count
 G = Total turns spent on level
                    A         B        C        D         E        F      G
               +---------+---------+-------+---------+---------+-------+---------
         Total |       0 |      30 |   0.0 |       0 |      18 |   0.0 |   752
               +---------+---------+-------+---------+---------+-------+---------
           D:1 |       0 |      25 |   0.0 |       0 |      14 |   0.0 |   690
           D:2 |       0 |       5 |   0.0 |       0 |       4 |   0.0 |    62
               +---------+---------+-------+---------+---------+-------+---------
